 Dungeon Crawl Stone Soup version 0.28-a0-834-g1a73be5ee4 (webtiles) character file.

Game seed: 8920723695445071539

25 emperorscorpion the Magician (level 3, -2/28 HPs)
             Began as a Djinni Warper on Nov 11, 2021.
             Was a Plaything of Xom.
             Slain by Grinder (6 damage)
             ... on level 3 of the Dungeon.
             The game lasted 00:06:15 (2477 turns).

emperorscorpion the Magician (Djinni Warper)        Turns: 2477, Time: 00:06:17

Health: -2/28      AC:  3    Str: 10    XL:     3   Next: 17%
Gold:   69         EV: 12    Int: 14    God:    Xom [..*...] SH:  0 Dex: 13

rFire   + + .      SeeInvis .     - Unarmed
rCold   x . .      Faith    .   (no shield)
rNeg    . . .      Spirit   .   a - +0 leather armour
rPois   ∞          Reflect  .   (no helmet)
rElec   .          Harm     .   (no cloak)
rCorr   .          Rampage  .   (no gloves)
Will    .....                   (boots unavailable)
Stlth   +.........              (no amulet)
HPRegen 0.09/turn               (no ring)
MPRegen 0.00/turn               (no ring)

@: brilliant, flying, very slightly contaminated
A: sickness immunity, fire resistance 2, cold vulnerability 1, float, innate
caster, hp casting, extra vitality 1
a: Renounce Religion


You were on level 3 of the Dungeon.
You worshipped Xom.
You were a toy of Xom.
You visited 1 branch of the dungeon, and saw 3 of its levels.

You collected 69 gold pieces.

Inventory:

Missiles
 c - 4 boomerangs of dispersal (quivered)
 d - 16 bolts
Armour
 a - a +0 leather armour (worn)
Scrolls
 b - 2 scrolls of blinking


   Skills:
 + Level 2.0 Fighting
 + Level 0.7 Throwing
 + Level 1.5 Armour
 + Level 2.4 Dodging
 + Level 2.2 Unarmed Combat
 + Level 2.8 Spellcasting


You couldn't memorise any spells.
You knew the following spells:

 Your Spells              Type           Power      Damage    Failure   Level
a - Blink                 Tloc           28%        N/A       14%         2
b - Lesser Beckoning      Tloc           14%        N/A       26%         3
c - Gell's Gravitas       Tloc           14%        N/A       26%         3
d - Teleport Other        Tloc           14%        N/A       26%         3
e - Manifold Assault      Tloc           14%        N/A       94%         5
f - Slow                  Hex            56%        N/A       9%          1
Your spell library was empty.

Dungeon Overview and Level Annotations

Branches:
Dungeon (3/15)

Altars:
Xom

Shops:
D:1 *

Annotations:
D:3 Grinder


Innate Abilities, Weirdness & Mutations

You are immune to sickness and miasma.
You are immune to poison.
Your flesh is very heat resistant. (rF++)
You are vulnerable to cold. (rC-)
You float through the air rather than walking.
You learn spells naturally, not from books.
Your magical power is your life essence.
You have superior vitality. (+4 HP)


Message History

Aim: Grinder (chance to affect: 44%) Grinder resists with some effort.
Casting: Slow (safe; 9% risk of failure)
Confirm with . or Enter, or press ? or * to list all spells.
Aiming: Slow (safe; 9% risk of failure)
Press: ? - help, Shift-Dir - straight line, f/p - Grinder
Aim: Grinder (chance to affect: 44%)
You miscast Slow.
You are very lightly contaminated with residual magic.
Nothing appears to happen.
Casting: Slow (safe; 9% risk of failure)
Confirm with . or Enter, or press ? or * to list all spells.
The spell is quite dangerous to cast (26% risk of failure)!
Continue anyway?
Okay, then.
Casting: Lesser Beckoning (quite dangerous; 26% risk of failure)
Confirm with . or Enter, or press ? or * to list all spells.
You are still too unstable to blink.
You aren't carrying any items that you can evoke.
It was a potion of curing.
You feel better.
Xom is amused.
Grinder closely misses you.
It was a potion of brilliance.
You feel clever all of a sudden.
Xom roars with laughter!
You feel stable enough to blink again. Grinder hits you!
You writhe in agony.
Casting: Blink (safe; 14% risk of failure)
Confirm with . or Enter, or press ? or * to list all spells.
Aiming: Slow (safe; 9% risk of failure)
Press: ? - help, Shift-Dir - straight line, f/p - Grinder
Aim: Grinder (chance to affect: 50%)
You feel a surge of power!
Grinder seems to slow down.
Grinder hits you.
You writhe in agony.
You hit Grinder.
Grinder is lightly wounded.
Grinder hits you!
* * * LOW HITPOINT WARNING * * *
You writhe in agony.
You die...
Xom is highly amused!

#......... ..#
#.###... #.....8...
#.# #..##...
#..>..... #.#
##.##... #...5.8..
#.# #.#####
#...r...# #.# #..# #
#..8.r.#
#####.#####.# # #.#
#...........# #
####.###.###.####[.#
# #..†.5@..###†#
#..# #
#.##.........# #..#
# #?
##############..# #
.. #..<.# # ##.
#######.##.# # .#
...........# # #
#######.#######
#..............
#.#####.#######


You could see Grinder (slow).

Vanquished Creatures
  A worm (D:2)
  3 endoplasms (D:1)
  A giant cockroach (D:2)
  2 kobolds
  A quokka (D:2)
  2 ball pythons (D:1)
  4 bats
  4 frilled lizards
  6 rats
24 creatures vanquished.

Vanquished Creatures (others)
  3 withered plants (D:1)
3 creatures vanquished.

Grand Total: 27 creatures vanquished

Notes
Turn   | Place    | Note
-------+----------+-------------------------------------------
     0 | D:1      | emperorscorpion the Djinni Warper began the quest for the
                  | Orb.
     0 | D:1      | Reached XP level 1. HP: 18/18 MP: 0/0
   214 | D:1      | Found Ino Fick's Assorted Antiques.
   566 | D:1      | Reached XP level 2. HP: 15/23 MP: 0/0
   795 | D:1      | Found a faded altar of an unknown god.
  1178 | D:1      | Prayed at the altar of an unknown god.
  1178 | D:1      | Became a worshipper of Xom of Unknown Intent
  1186 | D:2      | XOM: potion effect (curing)
  1342 | D:2      | XOM: silly message
  1813 | D:2      | Reached XP level 3. HP: 13/28 MP: 0/0
  1813 | D:2      | Learned a level 1 spell: Slow
  1879 | D:2      | XOM: silly message
  2082 | D:2      | HP: 1/28 [worm (8)]
  2464 | D:3      | Noticed Grinder
  2477 | D:3      | Slain by Grinder

Illustrated notes

Levels and vault maps discovered:
D:1:      minmay_arrival_split_and_join, layout_basic, serial_shops, shop,
          ebering_ecumenical_altar_petrified
D:2:      layout_loops_ring, kennysheep_pointless_box, minivault_26
D:3:      layout_loops_ring, lemuel_round_altar, grunt_ministairs_9, uniq_robin,
          uniq_grinder, uniq_ijyb

Action                   || total
-------------------------++-------
Melee: Unarmed           ||    98
Throw: Boomerang         ||     1
 Cast: Slow              ||     5
       Blink             ||     1
  Use: Scroll            ||     5
       Potion            ||     6
Armor: Leather armour    ||    22
       Skin              ||     1
Dodge: Dodged            ||    51

Table legend: (Time is in decaauts)
 A = Elapsed time spent in this place.
 B = Non-inter-level travel time spent in this place.
 C = Inter-level travel time spent in this place.
 D = Time resting spent in this place.
 E = Time spent auto-exploring this place.
 F = Levels seen in this place.
 G = Mean time per level.
                   A        B        C        D        E       F      G
               +--------+--------+--------+--------+--------+-----+--------+
         Total |   2452 |   2306 |    146 |    220 |   1815 |   3 |  817.3 |
       Dungeon |   2452 |   2306 |    146 |    220 |   1815 |   3 |  817.3 |
               +--------+--------+--------+--------+--------+-----+--------+

Top non-repeatable levels by time:
     D:1: 1185 daAuts
     D:2: 1180 daAuts
     D:3: 86 daAuts
